 Dungeon Crawl Stone Soup version 0.27.1-3-gb3d3a73c9e (webtiles) character file.

Game seed: 9540127279567239470

7 styxcanada the Sneak (level 1, -1/10 HPs)
             Began as a Spriggan Brigand on Oct 7, 2021.
             Slain by a quokka (3 damage)
             ... on level 1 of the Dungeon.
             The game lasted 00:01:09 (199 turns).

styxcanada the Sneak (Spriggan Brigand)              Turns: 199, Time: 00:01:10

Health: -1/10      AC:  3    Str:  7    XL:     1   Next: 91%
Magic:  2/2        EV: 16    Int: 12    God:
Gold:   23         SH:  0    Dex: 16    Spells: 0/0 levels left

rFire    . . .     SeeInvis +   a - +2 dagger
rCold    . . .     Faith    .   (shield restricted)
rNeg     . . .     Spirit   .   b - +0 robe
rPois    .         Reflect  .   (helmet restricted)
rElec    .         Harm     .   c - +0 cloak
rCorr    .         Rampage  .   (gloves unavailable)
Will     .....                  (boots unavailable)
Stlth    +++.......             (no amulet)
HPRegen  0.03/turn              (no ring)
MPRegen  0.08/turn              (no ring)

@: very quick
A: very small, no large weapons, unfitting armour, see invisible, speed 3
a: no special abilities


You were on level 1 of the Dungeon.
You visited 1 branch of the dungeon, and saw 1 of its levels.

You collected 23 gold pieces.

Inventory:

Hand Weapons
 a - a +2 dagger (weapon)
Missiles
 d - 7 poisoned darts (quivered)
 e - 2 curare-tipped darts
 g - 13 stones
Armour
 b - a +0 robe (worn)
 c - a +0 cloak (worn)
Scrolls
 f - a scroll of teleportation {unknown}
Potions
 h - a potion of curing {unknown}


   Skills:
 * Level 1.6 Fighting
 + Level 2.2 Short Blades
 + Level 2.0 Throwing
 * Level 1.6 Dodging
 * Level 6.4 Stealth


You couldn't memorise any spells.
You didn't know any spells.
Your spell library was empty.

Dungeon Overview and Level Annotations

Branches:
Dungeon (1/15)

Altars:


Innate Abilities, Weirdness & Mutations

You are very small and have problems with some larger weapons.
You are too small for most types of armour.
You have supernaturally acute eyesight. (SInv)
You cover ground extremely quickly. (Speed+++)


Message History

You closely miss the kobold. The kobold hits you with a +0 dagger.
You hit the kobold.
You kill the kobold!
Things that are here:
a +0 dagger; a kobold corpse
Things that are here:
a +0 dagger; a kobold corpse A bat comes into view.
A goblin comes into view. It is wielding a +0 dagger.
The bat barely misses you.
The ball python hisses angrily.
The bat barely misses you.
You hit the bat.
The bat is severely wounded.
The bat closely misses you.
The quokka bites you but does no damage.
The quokka closely misses you.
You hit the ball python.
The ball python is severely wounded.
The bat completely misses you. The ball python closely misses you.
The ball python completely misses you. The quokka closely misses you.
You hit the ball python but do no damage.
The ball python is severely wounded.
The bat hits you but does no damage. The ball python closely misses you.
The ball python grabs you. The ball python constricts you.
The quokka barely misses you. The ball python barely misses you.
The ball python constricts you.
You hit the ball python.
You kill the ball python!
The bat hits you. The quokka bites you.
* * * LOW HITPOINT WARNING * * *
The goblin barely misses you.
You closely miss the bat.
The bat is severely wounded.
The bat barely misses you. The quokka closely misses you. The bat misses you.
You hit the bat.
You kill the bat!
The goblin misses you. The quokka bites you.
You die...

#.#....##..
#.#....##..
#.#........
#....#....#
#..........
####..........
#..†.....###..
#..gr.(..#
#..@....##
#...†...#
####...>...#
#..).......# #.
#...##.......#
##.
#...####.......#
#.. # #....#
###.#####
##..### ..##....
#.# #. .>## # #
#..###.# ####.
#.#.


You could see a quokka and a goblin.

Vanquished Creatures
  2 bats (D:1)
  An endoplasm (D:1)
  A giant cockroach (D:1)
  2 ball pythons (D:1)
  2 kobolds (D:1)
8 creatures vanquished.

Notes
Turn   | Place    | Note
-------+----------+-------------------------------------------
     0 | D:1      | styxcanada the Spriggan Brigand began the quest for the
                  | Orb.
     0 | D:1      | Reached XP level 1. HP: 10/10 MP: 2/2
    85 | D:1      | Reached skill level 6 in Stealth
   199 | D:1      | Slain by a quokka

Illustrated notes

Levels and vault maps discovered:
D:1:      dpeg_arrival_rhombus, layout_rooms,
          hellmonk_ecumenical_altar_heavens_door, nrook_mini_vaults,
          skrybe_limestone_x

Skill      XL: |  1 |
---------------+----+-----
Stealth        | 6 |  6.4
Fighting       | |  1.6
Short Blades   | |  2.2
Throwing       | |  2.0
Dodging        | |  1.6

Action                   || total
-------------------------++-------
Melee: Dagger            ||    22
Throw: Dart              ||     1
 Stab: Sleeping          ||     1
Armor: Robe              ||     2
Dodge: Dodged            ||    30
